 Dungeon Crawl Stone Soup version 0.28-a0-1389-gc726bef33b (webtiles) character file.

Game seed: 10009959869692119136

1232 Grim the Basher (level 8, 0/58 HPs)
             Began as a Formicid Fighter on Jan 3, 2022.
             Killed by divine providence
             ... invoked by an orc priest
              (14 damage)
             ... on level 5 of the Dungeon.
             The game lasted 00:15:38 (8534 turns).

Grim the Basher (Formicid Fighter)                  Turns: 8534, Time: 00:15:39

Health: 0/58       AC:  8    Str: 24    XL:     8   Next: 77%
Magic:  8/8        EV:  7    Int:  7    God:
Gold:   260        SH: 14    Dex: 10    Spells: 7/7 levels left

rFire   . . .      SeeInvis +   l - +0 whip
rCold   . . .      Faith    .   f - +0 tower shield
rNeg    . . .      Spirit   .   b - +0 scale mail
rPois   .          Reflect  .   (helmet unavailable)
rElec   .          Harm     .   (no cloak)
rCorr   .          Rampage  .   m - +0 pair of gloves
Will    .....                   (no boots)
Stlth   ..........              (no amulet)
HPRegen 0.19/turn               (no ring)
MPRegen 0.11/turn               (no ring)

@: no status effects
A: permanent stasis, dig shafts and tunnels, antennae 3, four strong arms
a: Dig, Shaft Self


You were on level 5 of the Dungeon.
You visited 1 branch of the dungeon, and saw 5 of its levels.
You also visited: Sewer and Ossuary.

You collected 260 gold pieces.

Inventory:

Hand Weapons
 a - a +0 flail
 l - a +0 whip (weapon)
 x - a +0 morningstar
Missiles
 h - 36 poisoned darts (quivered)
Armour
 b - a +0 scale mail (worn)
 c - a +0 buckler
 f - a +0 tower shield (worn)
 m - a +0 pair of gloves (worn)
Scrolls
 d - 2 scrolls of teleportation
 g - a scroll of immolation {unknown}
 i - 2 scrolls of enchant weapon {unknown}
 j - 3 scrolls of magic mapping {unknown}
 k - a scroll of silence {unknown}
 p - 2 scrolls of fog {unknown}
 q - 2 scrolls of fear {unknown}
 w - a scroll of brand weapon {unknown}
Potions
 e - a potion of curing
 n - 2 potions of haste
 o - a potion of cancellation {unknown}
 r - 2 potions of magic
 s - 2 potions of mutation {unknown}
 u - a potion of degeneration {unknown}
 v - a potion of brilliance {unknown}


   Skills:
 - Level 3.2 Fighting
 * Level 8.5 Maces & Flails
 - Level 3.2 Armour
 + Level 7.6 Shields


You had 7 spell levels left.
You didn't know any spells.
Your spell library contained the following spells:

 Spells                   Type           Power      Damage    Failure   Level
 Passwall                 Tmut/Erth      0%         N/A       100%        2
 Swiftness                Air            Unusable   N/A       N/A         3

Dungeon Overview and Level Annotations

Branches:
Dungeon (5/15)              Sewer (visited)         Ossuary (visited)
 Temple: D:4-7

Altars:
Gozag
Okawaru

Shops:
D:1 !   D:3 :

Annotations:
D:5 3 runed translucent doors, ChaosChampion's ghost, novice HOFi


Innate Abilities, Weirdness & Mutations

You cannot be hasted, slowed, berserked, paralysed or teleported.
You can dig through walls and to a lower floor.
You have a pair of large antennae on your head. (SInv)
Your four strong arms can wield two-handed weapons with a shield.


Message History

You open the door. The orc hits you with a +0 war axe.
* * * LOW HITPOINT WARNING * * *
There is an open door here.
You block the orc's attack.
There is an open door, spattered with blood here.
You see here an iguana corpse.
There is an open door here.
The orc priest looks satisfied for a moment.
There is an open door here.
Okay, then.
You hit the orc.
The orc is almost dead.
You block the orc's attack.
You hit the orc.
You kill the orc!
Your shield prevents you from hitting the orc.
You block the orc's attack.
You barely miss the orc. The orc hits you but does no damage.
You are poisoned.
You hit the orc.
The orc is lightly wounded.
You feel sick. The orc hits you but does no damage.
You are more poisoned.
You whack the orc!
You kill the orc!
You feel very sick.
The orc priest mumbles some strange prayers to Beogh against you.
You struggle to resist.
You feel very sick.
The orc priest hits you with a +0 short sword.
* * * LOW HITPOINT WARNING * * *
Things that are here:
a +2 dagger of venom; a +0 war axe; an orc corpse You barely miss the orc priest.
* * * LOW HITPOINT WARNING * * *
You feel sick.
You feel better.
The orc priest mumbles some strange prayers to Beogh against you.
Beogh smites you!
You die...

######## ##..##[.## ##........##
#..........# #..........####
##........#...#
##....>...#...##################
##.............o@....))..........
#..............##################
#.#........##### ####### #....
#.##..##..##########.....####.#..
#. ##.#>.................'.......
..##......######.....####.#..
##.##......# #.....####.#..
#.....(...######.......##.#..
#...#.....o...o'.......†..###


You could see an orc priest.

Vanquished Creatures
  A sky beast (D:3)
  An ice beast (D:4)
  A black bear (D:3)
  An ogre (D:5)
  2 phantoms
  3 kobold brigands (Sewer)
  An orc priest (D:1)
  3 iguanas
  3 orc wizards
  2 mummies
  Robin (D:4)
  8 adders
  4 river rats (Sewer)
  An adder skeleton (D:4)
  5 worms
  17 orcs
  2 spectral bats (Ossuary)
  7 ball pythons
  6 bats
  8 endoplasms
  4 giant cockroaches
  12 gnoll zombies (Ossuary)
  11 goblins
  5 hobgoblins
  12 jackals
  4 quokkas
  3 bat simulacra (Ossuary)
  5 frilled lizards
  2 goblin simulacra (Ossuary)
  5 goblin zombies (Ossuary)
  6 hobgoblin zombies (Ossuary)
  13 kobolds
  3 kobold simulacra (Ossuary)
  4 kobold zombies (Ossuary)
  3 orc zombies (Ossuary)
  10 rats
  6 rat simulacra (Ossuary)
  A spectral kobold (Ossuary)
  A spectral rat (Ossuary)
187 creatures vanquished.

Vanquished Creatures (others)
  14 plants
14 creatures vanquished.

Grand Total: 201 creatures vanquished

Notes
Turn   | Place    | Note
-------+----------+-------------------------------------------
     0 | D:1      | Grim the Formicid Fighter began the quest for the Orb.
     0 | D:1      | Reached XP level 1. HP: 18/18 MP: 1/1
   182 | D:1      | You fall into a shaft and drop 1 floor!
   191 | D:2      | Reached XP level 2. HP: 23/24 MP: 2/2
   297 | D:2      | Reached skill level 3 in Maces & Flails
   488 | D:1      | Found Hufou's Distillery.
   498 | D:1      | Reached XP level 3. HP: 29/29 MP: 3/3
  1548 | D:2      | Reached XP level 4. HP: 10/35 MP: 4/4
  1835 | D:2      | Found an iron altar of Okawaru.
  2392 | D:1      | Reached skill level 4 in Maces & Flails
  2737 | D:1      | Reached XP level 5. HP: 12/41 MP: 5/5
  3258 | D:3      | Found a glowing drain.
  3339 | Sewer    | Entered a sewer
  3511 | Sewer    | Reached skill level 5 in Maces & Flails
  3511 | Sewer    | Reached XP level 6. HP: 20/47 MP: 6/6
  3703 | Sewer    | Reached skill level 5 in Shields
  4063 | Sewer    | Reached skill level 6 in Maces & Flails
  4063 | Sewer    | Reached XP level 7. HP: 41/52 MP: 7/7
  5190 | D:3      | Found a faded altar of an unknown god.
  5291 | D:3      | Found Ithul's Book Boutique.
  5992 | D:4      | Found a sand-covered staircase.
  6010 | Ossuary  | Entered an ossuary
  6496 | Ossuary  | Reached skill level 7 in Maces & Flails
  7027 | D:4      | Noticed Robin
  7044 | D:4      | Killed Robin
  7045 | D:4      | Reached XP level 8. HP: 53/58 MP: 8/8
  7548 | D:5      | Entered Level 5 of the Dungeon
  7981 | D:5      | Reached skill level 8 in Maces & Flails
  8398 | D:5      | Found a runed translucent gate.
  8399 | D:5      | Found a runed translucent gate.
  8399 | D:5      | Found a runed translucent gate.
  8400 | D:5      | Found an opulent altar of Gozag.
  8411 | D:5      | Noticed ChaosChampion's ghost (novice HOFi)
  8534 | D:5      | Killed from afar by an orc priest

Illustrated notes

Levels and vault maps discovered:
D:1:      wheals_arrival_shading, layout_loops_ring, serial_shops,
          nicolae_shop_temple_entry_statues_fountains
D:2:      layout_basic, basic_altar, nrook_mini_vaults
D:3:      layout_basic, chequers_ecumenical_altar_island, gup_sewer_entry_glass,
          serial_shops, nicolae_shop_statue_plus
D:4:      wad_lake_hut, layout_loops_ring, gup_ossuary_entry_pyramid,
          minmay_fountain_box, amcnicky_mini_pool_small, uniq_robin
D:5:      layout_basic, ebering_ghost_gozag, st_stairs_5, minmay_holes

Skill      XL: |  1  2  3  4  5  6  7  8 |
---------------+-------------------------+-----
Maces & Flails | 3 4 5 6 7 8 |  8.5
Shields        | 4 5 6 7 |  7.6
Fighting       | |  3.2
Armour         | |  3.2

Action                   |  1- 3 |  4- 6 |  7- 9 || total
-------------------------+-------+-------+-------++-------
Melee: Flail             |    86 |       |       ||    86
       Whip              |    38 |   238 |   680 ||   956
Throw: Dart              |     7 |     6 |     9 ||    22
 Abil: Dig               |     1 |       |     3 ||     4
  Use: Potion            |       |     1 |     3 ||     4
       Scroll            |       |       |     4 ||     4
Armor: Scale mail        |    46 |    86 |   175 ||   307
Dodge: Dodged            |    32 |    59 |   127 ||   218
Block: Buckler           |     4 |       |       ||     4
       Tower shield      |    69 |   171 |   390 ||   630

Table legend: (Time is in decaauts)
 A = Elapsed time spent in this place.
 B = Non-inter-level travel time spent in this place.
 C = Inter-level travel time spent in this place.
 D = Time resting spent in this place.
 E = Time spent auto-exploring this place.
 F = Levels seen in this place.
 G = Mean time per level.
                   A        B        C        D        E       F      G
               +--------+--------+--------+--------+--------+-----+--------+
         Total |   8889 |   8704 |    185 |   2634 |   3583 |   7 | 1269.9 |
       Dungeon |   6479 |   6294 |    185 |   1911 |   2766 |   5 | 1295.8 |
         Sewer |   1760 |   1760 |      0 |    723 |    561 |   1 | 1760.0 |
       Ossuary |    649 |    649 |      0 |      0 |    255 |   1 |  649.0 |
               +--------+--------+--------+--------+--------+-----+--------+

Top non-repeatable levels by time:
   Sewer: 1760 daAuts
     D:2: 1725 daAuts
     D:4: 1627 daAuts
     D:1: 1613 daAuts
     D:3: 857 daAuts
     D:5: 655 daAuts
 Ossuary: 649 daAuts
